 Dungeon Crawl Stone Soup version 0.18.1-48-g4cf74bf (webtiles) character file.

960 Freud88 the Cleaver (level 7, -3/63 HPs)
             Began as a Minotaur Fighter on Aug 26, 2016.
             Slain by a troll (12 damage)
             ... on level 5 of the Dungeon.
             The game lasted 00:08:53 (3734 turns).

Freud88 the Cleaver (Minotaur Fighter)              Turns: 3734, Time: 00:08:53

Health: -3/63      AC:  6    Str: 20    XL:     7   Next: 92%
Magic:  6/6        EV:  7    Int:  5    God:
Gold:   206        SH: 10    Dex: 12    Spells: 0 memorised, 6 levels left

rFire  . . .     SeeInvis .     a - +0 war axe
rCold  . . .     Gourm    .     b - +0 scale mail
rNeg   . . .     Faith    .     c - +0 shield
rPois  .         Spirit   .     (helmet restricted)
rElec  .         Dismiss  .     (no cloak)
rCorr  .         Reflect  .     (no gloves)
SustAt .         Harm     .     (no boots)
MR     .....                    (no amulet)
Stlth  ..........               (no ring)
                                (no ring)

@: not resistant to hostile enchantments, extremely unstealthy
A: retaliatory headbutt, horns 2
a: no special abilities


You were on level 5 of the Dungeon.
You were not hungry.

You visited 1 branch of the dungeon, and saw 5 of its levels.

You collected 206 gold pieces.

Inventory:

Hand Weapons
 a - a +0 war axe (weapon)
Armour
 b - a +0 scale mail (worn)
 c - a +0 shield (worn)
Jewellery
 r - an uncursed ring of see invisible {unknown}
 B - an uncursed ring of protection from fire {unknown}
Scrolls
 e - a scroll of blinking {unknown}
 i - 2 scrolls of magic mapping {unknown}
 j - 2 scrolls of immolation {unknown}
 m - 2 scrolls of recharging {unknown}
 t - 2 scrolls of identify {unknown}
 v - 2 scrolls of teleportation {unknown}
 w - a scroll of amnesia {unknown}
 x - a scroll of fear {unknown}
 y - a scroll of remove curse {unknown}
 A - 3 scrolls of enchant armour {unknown}
Potions
 d - 2 potions of might
 k - 2 potions of curing
 l - 2 potions of flight {unknown}
 n - a potion of heal wounds {unknown}
 p - a potion of mutation {unknown}
 q - a potion of cure mutation {unknown}
 s - a potion of haste {unknown}
 u - a potion of ambrosia {unknown}
Comestibles
 f - 6 bread rations
 h - a slice of pizza
 o - 2 beef jerkies
 z - a meat ration


   Skills:
 + Level 6.2 Fighting
 * Level 8.2 Axes
 + Level 3.6 Armour
 - Level 1.2 Stealth
 + Level 6.3 Shields


You had 6 spell levels left.
You didn't know any spells.

Dungeon Overview and Level Annotations

Branches:
Dungeon (5/15)
 Temple: D:4-7

Altars:
Ashenzari
Dithmenos
Elyvilon
Okawaru
Trog
Yredelemnul


Innate Abilities, Weirdness & Mutations

You reflexively headbutt those who attack you in melee.
You have a pair of horns on your head.


Message History

You are too injured to fight recklessly!
You are too injured to fight recklessly!
You are too injured to fight recklessly!
You are too injured to fight recklessly!
You are too injured to fight recklessly!
You are too injured to fight recklessly!
You are too injured to fight recklessly!
You are too injured to fight recklessly!
You are too injured to fight recklessly!
You are too injured to fight recklessly!
You are too injured to fight recklessly!
You are too injured to fight recklessly!
You barely miss the troll.
The troll is lightly wounded.
You block the troll's attack. x2; The troll claws you!
* * * LOW HITPOINT WARNING * * *
You feel better. The troll bites you.
* * * LOW HITPOINT WARNING * * *
The troll claws you!
You die...

#.#.###.###.....###
#†#.# #............
####.#.######......#
#........# ##.....#
#.##.#.#.#####..####
#.##.#..........#
#.##.###.######.#
#.##.# .# ##'##
#.##.###.# #%@.#
#........# #..T..#
####..#### #.....!.#
####....####.........#
...........+.........+
####....####.........#
#.#.## ##.......##
#.### ##.....## #.#


You could see a troll.

Vanquished Creatures
  Duvessa (D:5)
  A sky beast (D:4)
  2 phantoms (D:4)
  A centaur (D:5)
  Dowan (D:5)
  A scorpion (D:5)
  A howler monkey (D:5)
  A hound (D:4)
  3 orc priests (D:4)
  2 worker ants
  An iguana (D:5)
  An orc wizard (D:4)
  8 adders
  2 shadow imps
  3 worms
  A dart slug (D:3)
  A giant gecko (D:1)
  3 orcs (D:4)
  2 ball pythons
  7 giant cockroaches
  2 gnoll zombies (D:3)
  5 hobgoblins
  2 jackals (D:5)
  7 kobolds
  A quokka (D:3)
  5 bats
  4 giant newts
  7 goblins
  6 rats
82 creatures vanquished.

Vanquished Creatures (others)
  2 fungi (D:2)
2 creatures vanquished.

Grand Total: 84 creatures vanquished

Notes
Turn   | Place    | Note
--------------------------------------------------------------
     0 | D:1      | Freud88 the Minotaur Fighter began the quest for the Orb.
     0 | D:1      | Reached XP level 1. HP: 19/19 MP: 0/0
   208 | D:1      | Reached XP level 2. HP: 22/27 MP: 1/1
   805 | D:2      | Reached skill level 3 in Axes
   824 | D:2      | Found a shattered altar of Ashenzari.
   828 | D:2      | Saw a vision of the Swamp and the Spider Nest.
   828 | D:2      | Noticed a redback
   828 | D:2      | Noticed a wolf spider
   828 | D:2      | Noticed a water moccasin
   828 | D:2      | Noticed a wolf spider
   828 | D:2      | Noticed a redback
   829 | D:2      | Noticed a water moccasin
   829 | D:2      | Noticed an alligator
   829 | D:2      | Noticed a water moccasin
   831 | D:2      | Noticed a redback
   844 | D:2      | Reached XP level 3. HP: 28/33 MP: 2/2
   965 | D:2      | Found an iron altar of Okawaru.
  1169 | D:3      | Reached XP level 4. HP: 41/41 MP: 3/3
  1404 | D:3      | Found a white marble altar of Elyvilon.
  1595 | D:3      | Found a basalt altar of Yredelemnul.
  1797 | D:4      | Reached skill level 4 in Axes
  1821 | D:4      | Reached skill level 5 in Shields
  1821 | D:4      | Reached XP level 5. HP: 47/47 MP: 4/4
  2395 | D:4      | Reached skill level 5 in Fighting
  2512 | D:4      | Reached skill level 5 in Axes
  2520 | D:4      | Reached XP level 6. HP: 46/56 MP: 5/5
  2636 | D:4      | Reached skill level 1 in Stealth
  2846 | D:4      | Noticed a sky beast
  2858 | D:4      | Killed a sky beast
  2858 | D:4      | Reached skill level 6 in Axes
  3111 | D:4      | Reached XP level 7. HP: 62/62 MP: 6/6
  3132 | D:5      | Entered Level 5 of the Dungeon
  3188 | D:5      | Reached skill level 7 in Axes
  3221 | D:5      | Found a shadowy altar of Dithmenos.
  3345 | D:5      | Found a bloodstained altar of Trog.
  3353 | D:5      | Noticed Dowan
  3354 | D:5      | Noticed Duvessa
  3363 | D:5      | Killed Duvessa
  3365 | D:5      | Reached skill level 8 in Axes
  3366 | D:5      | Killed Dowan
  3726 | D:5      | Noticed a troll
  3734 | D:5      | Slain by a troll

Skill      XL: |  1  2  3  4  5  6  7 |
---------------+----------------------+-----
Fighting       | 4 5 6 |  6.2
Shields        | 4 5 6 |  6.3
Axes           | 3 4 5 6 8 |  8.2
Stealth        | 1 |  1.2
Armour         | |  3.6

Action                   |  1- 3 |  4- 6 |  7- 9 || total
-------------------------+-------+-------+-------++-------
Melee: War axe           |    83 |   130 |    52 ||   265
       Headbutt          |    13 |    18 |     9 ||    40
  Use: Potion            |       |     2 |     1 ||     3
  Eat: Chunk             |       |     6 |     3 ||     9
Armor: Scale mail        |    53 |    38 |    18 ||   109
Dodge: Dodged            |    31 |    27 |    21 ||    79
Block: Shield            |    50 |    60 |    38 ||   148
